AoeStats
← pAtORuso285591

Black Forest

520265896Analyzed
2v2 RM · 6d ago on Nov 11, 2026· 20m 41s· 4 players
Game mode
Random Map
Map size
Medium (4 player)
Population
200
Speed
Normal
Resources
Standard
Victory
Conquest
Starting age
Dark Age
Ending age
Imperial Age
RankedLock teamsTeams togetherTeam positionsShared explorationLock speedFull tech treeHidden civsTurbo modeCheats
Victory
Defeat
🇦🇷 Persians · Argentina
949
+49
🇦🇷 Cumans · Argentina
949
+49
vs
🇺🇸 Poles · United States
981
-17
🇦🇷 Poles · Argentina
962
-46
pAtORuso285591
10:29 Feudal Age
12:31 Double-Bit Axe
16:53 Horse Collar
20:40 Wheelbarrow
20:24 Bloodlines
20:28 Scale Barding Armor
GranPatoGordo
11:44 Feudal Age
12:10 Double-Bit Axe
14:41 Wheelbarrow
15:05 Horse Collar
17:03 Gold Mining
16:42 Man-at-Arms
Malbatron
8:04 Loom
10:26 Feudal Age
14:19 Wheelbarrow
19:09 Castle Age
17:21 Horse Collar
17:29 Double-Bit Axe
18:00 Forging
17:55 Scale Barding Armor
18:01 Scale Barding Armor
17:49 Fletching
MadSociety
0:33 Loom
11:31 Feudal Age
12:14 Double-Bit Axe
17:00 Castle Age
15:11 Horse Collar
16:32 Wheelbarrow
18:15 Bow Saw
18:09 Heavy Plow
Connection lost

Rejoining the realm…

Still unreachable

The connection could not be restored.

Session expired

The server has moved on; the page needs a fresh start.